 Dungeon Crawl Stone Soup version 0.21-a0-39-g28ea6b7 (webtiles) character file.

4788 tof the Cruncher (level 10, -4/88 HPs)
             Began as a Minotaur Gladiator on June 1, 2017.
             Was a High Priest of Okawaru.
             Killed from afar by an electric eel (11 damage)
             ... with a bolt of electricity
             ... on level 9 of the Dungeon.
             The game lasted 00:20:42 (6190 turns).

tof the Cruncher (Minotaur Gladiator)               Turns: 6190, Time: 00:20:42

Health: -4/88      AC: 10    Str: 24    XL:     10   Next: 24%
Magic:  9/9        EV: 15    Int:  7    God:    Okawaru [*****.]
Gold:   542        SH:  0    Dex: 12    Spells: 9/9 levels left

rFire    . . .     SeeInvis .   a - +0 quarterstaff
rCold    . . .     Gourm    .   (shield currently unavailable)
rNeg     . . .     Faith    .   u - +0 ring mail
rPois    .         Spirit   .   c - +0 hat
rElec    .         Reflect  .   t - +0 cloak {MR+}
rCorr    .         Harm     .   h - +0 pair of gloves
MR       +....                  v - +0 pair of boots
Stlth    +.........             j - amulet of regeneration
Regen    0.7/turn               (no ring)
MPRegen  0.2/turn               (no ring)

@: very slow
A: retaliatory headbutt, fangs 1, hooves 1, horns 2, clever 1, strong 1
a: Heroism, Finesse, Renounce Religion


You were on level 9 of the Dungeon.
You worshipped Okawaru.
Okawaru was extremely pleased with you.
You were hungry.

You visited 1 branch of the dungeon, and saw 9 of its levels.
You also visited: Sewer.

You collected 542 gold pieces.

Inventory:

Hand Weapons
 a - a +0 quarterstaff (weapon)
 b - a +0 blowgun
Missiles
 d - a throwing net
 e - 6 silver tomahawks (quivered)
 z - 15 tomahawks
 C - 67 poisoned needles
 E - 7 needles of sleeping
 H - 7 needles of paralysis
Armour
 c - a +0 hat (worn)
 h - a +0 pair of gloves (worn)
 t - a +0 cloak of magic resistance (worn)
 u - a +0 ring mail (worn)
 v - a +0 pair of boots (worn)
Jewellery
 j - an amulet of regeneration (around neck)
Wands
 O - a wand of digging (12/24)
Scrolls
 m - a scroll of brand weapon {unknown}
 o - a scroll of enchant weapon
 q - 2 scrolls of blinking
 w - a scroll of fear
 y - a scroll of recharging
 D - 4 scrolls of remove curse
 F - a scroll of teleportation
 G - a scroll of random uselessness {unknown}
 I - a scroll of magic mapping {unknown}
 N - a scroll of vulnerability {unknown}
Potions
 g - 4 potions of flight {unknown}
 i - a potion of ambrosia {unknown}
 k - 5 potions of brilliance {unknown}
 l - a potion of mutation {unknown}
 n - 6 potions of curing
 p - 2 potions of degeneration {unknown}
 x - 4 potions of heal wounds {unknown}
 B - a potion of lignification {unknown}
 J - 4 potions of agility
 L - a potion of invisibility {unknown}
 M - a potion of haste {unknown}
Comestibles
 f - 6 bread rations
 r - 4 meat rations
 s - 8 fruits
 A - 3 royal jellies


   Skills:
 + Level 8.1 Fighting
 * Level 11.0 Staves
 + Level 6.2 Throwing
 + Level 6.9 Armour
 + Level 7.5 Dodging


You had 9 spell levels left.
You didn't know any spells.

Dungeon Overview and Level Annotations

Branches:
Dungeon (9/15)             Temple (0/1) D:7            Lair (0/6) D:9
    Orc (0/2) D:9

Altars:
Hepliaklqana
Nemelex Xobeh
Okawaru
Qazlal
Trog
The Shining One

Shops:
D:5 *

Portals:
Bailey: D:7


Innate Abilities, Weirdness & Mutations

You reflexively headbutt those who attack you in melee.
You have a pair of horns on your head.
You have very sharp teeth.
You have large cloven feet.
Your mind is acute. (Int +2)
Your muscles are strong. (Str +2)


Message History

You hit the troll.
The troll is almost dead.
You barely miss the troll.
The troll is almost dead.
The troll misses you. The troll claws you but does no damage.
The troll claws you.
* * * LOW HITPOINT WARNING * * *
As you read the scroll of teleportation, it crumbles to dust.
You feel strangely unstable. The troll misses you. The troll claws you!
* * * LOW HITPOINT WARNING * * *
The troll claws you!
* * * LOW HITPOINT WARNING * * *
The crimson imp blinks!
Your surroundings suddenly seem different.
Splash!
You fall into the shallow water.
Moving in this stuff is going to be slow.
The electric eel shoots out a bolt of lightning at you!
The bolt of electricity hits you!
You die...

#.......# #..##
####+#### ##T.#
##Y# #.# #†#
#######h## .
###........#..#
.......;.......
.≈..≈.≈@......≈
.≈..≈≈≈.≈≈..≈≈...
.≈≈≈≈≈≈≈≈≈≈≈5≈≈≈.
.≈≈≈≈≈..≈h≈≈≈≈≈≈≈
.≈≈≈..≈.h.≈≈≈≈...
≈.≈≈≈...≈.≈≈≈≈≈
≈≈≈≈..>.....[..
.≈≈≈≈.....≈≈≈≈≈


You could see a wolf, 2 howler monkeys, an electric eel and a crimson imp.

Vanquished Creatures
  The ghost of KristoblXynda the Covert, a novice SpEn of Uskayaw (D:8)
  The ghost of HAL9000 the Slicer, a novice VSAs of Uskayaw (D:6)
  A troll (D:8)
  Sigmund (D:2)
  The ghost of Kidiri the Magician, an amateur DEFE (D:5)
  A hungry ghost (D:7)
  2 sky beasts
  An orc warrior (D:8)
  An ice beast (D:6)
  5 ogres
  4 centaurs
  2 big kobolds (Sewer)
  5 bullfrogs
  A water moccasin zombie (D:7)
  A scorpion (D:7)
  7 wights
  3 crimson imps
  2 jellies
  A quasit (D:6)
  An orc priest (D:3)
  A bullfrog skeleton (D:5)
  7 hounds
  5 orc wizards
  Jessica (D:2)
  5 iguanas
  4 worker ants
  Terence (D:2)
  A hound zombie (D:6)
  4 hound skeletons
  A worker ant zombie (D:6)
  7 gnolls (D:8)
  12 adders
  3 river rats (Sewer)
  2 oozes
  An adder skeleton (D:4)
  6 worms
  3 dart slugs
  2 leopard geckos
  11 orcs
  7 giant cockroaches
  4 hobgoblins
  14 jackals
  22 kobolds
  A quokka (D:3)
  8 ball pythons
  8 bats
  2 frilled lizards
  6 goblins
  A leopard gecko zombie (D:5)
  32 rats
224 creatures vanquished.

Vanquished Creatures (others)
  2 jackals (D:9)
2 creatures vanquished.

Grand Total: 226 creatures vanquished

Notes
Turn   | Place    | Note
-------+----------+-------------------------------------------
     0 | D:1      | tof the Minotaur Gladiator began the quest for the Orb.
     0 | D:1      | Reached XP level 1. HP: 18/18 MP: 0/0
    79 | D:1      | Reached XP level 2. HP: 24/25 MP: 1/1
   267 | D:1      | Reached skill level 4 in Staves
   405 | D:1      | Reached XP level 3. HP: 30/30 MP: 2/2
   652 | D:2      | Found a sparkling altar of Nemelex Xobeh.
   727 | D:2      | Noticed Sigmund
   734 | D:2      | Killed Sigmund
   734 | D:2      | Reached skill level 5 in Staves
   734 | D:2      | Reached XP level 4. HP: 40/40 MP: 3/3
   734 | D:2      | Reached XP level 5. HP: 46/46 MP: 4/4
   778 | D:2      | Noticed Terence
   782 | D:2      | Killed Terence
   940 | D:2      | Noticed Jessica
   949 | D:2      | Killed Jessica
  1026 | D:2      | Reached XP level 6. HP: 52/52 MP: 5/5
  1244 | D:3      | Found an iron altar of Okawaru.
  1326 | D:3      | Became a worshipper of Warmaster Okawaru
  1808 | D:3      | Found a bloodstained altar of Trog.
  2283 | D:4      | Reached skill level 6 in Staves
  2402 | D:4      | Reached XP level 7. HP: 24/60 MP: 6/6
  2649 | D:5      | Entered Level 5 of the Dungeon
  2653 | D:5      | Noticed Kidiri's ghost (amateur DEFE)
  2665 | D:5      | Killed Kidiri's ghost
  2665 | D:5      | Reached * piety under Okawaru
  2694 | D:5      | Found Ohamoarch's General Store.
  2732 | D:5      | Reached skill level 5 in Fighting
  2735 | D:5      | Found a stormy altar of Qazlal.
  2864 | D:5      | Reached skill level 5 in Dodging
  2868 | D:5      | Gained mutation: Your mind is acute. (Int +2) [mutagenic meat]
  2869 | D:5      | Gained mutation: Your muscles are strong. (Str +2) [mutagenic meat]
  2870 | D:5      | Gained mutation: You have large cloven feet. [mutagenic meat]
  2871 | D:5      | Gained mutation: You have very sharp teeth. [mutagenic meat]
  2924 | D:5      | Reached skill level 7 in Staves
  3283 | D:6      | Found a glowing drain.
  3330 | Sewer    | Entered a sewer
  3383 | Sewer    | Reached XP level 8. HP: 67/69 MP: 7/7
  3562 | Sewer    | Reached ** piety under Okawaru
  3950 | D:6      | Reached skill level 8 in Staves
  3992 | D:6      | Found a hazy altar of Hepliaklqana.
  4218 | D:6      | Reached skill level 5 in Armour
  4219 | D:6      | Noticed HAL9000's ghost (novice VSAs)
  4233 | D:6      | Killed HAL9000's ghost
  4233 | D:6      | Reached *** piety under Okawaru
  4233 | D:6      | Reached skill level 9 in Staves
  4233 | D:6      | Reached skill level 5 in Throwing
  4233 | D:6      | Reached XP level 9. HP: 57/78 MP: 8/8
  4439 | D:7      | Found a glowing golden altar of the Shining One.
  4517 | D:7      | Found a flagged portal.
  4986 | D:7      | Reached **** piety under Okawaru
  5030 | D:7      | Found a staircase to the Ecumenical Temple.
  5142 | D:8      | Reached skill level 10 in Staves
  5148 | D:8      | Noticed KristoblXynda's ghost (novice SpEn)
  5168 | D:8      | Killed KristoblXynda's ghost
  5278 | D:8      | Noticed a troll
  5287 | D:8      | Killed a troll
  5381 | D:8      | Reached XP level 10. HP: 88/88 MP: 9/9
  5544 | D:8      | Reached ***** piety under Okawaru
  5910 | D:8      | Reached skill level 11 in Staves
  6148 | D:9      | Found a staircase to the Orcish Mines.
  6190 | D:9      | Found a staircase to the Lair.
  6190 | D:9      | Killed from afar by an electric eel

Vault maps used:
D:1:      dpeg_arrival_simpleton_c, minmay_misc_feat_pillars
D:2:      nemelex_xobeh_ov_fountains_minmay, uniq_sigmund, uniq_terence,
          uniq_jessica
D:3:      lemuel_doored_altar, lemuel_round_altar
D:5:      serial_shops, shop, first_bread, grunt_qazlal_sundering
D:6:      marbit_many_paths, cheibrodos_sewer_entry_drain,
          minmay_misc_feat_nine_boxes
D:7:      nicolae_overflow_crystal_walls, minmay_temple_entry_nine_rooms,
          enter_bailey_2
D:9:      erik_lair_island, orc_0_dummy
Sewer:    sewer_minmay_treatment

Skill      XL: |  1  2  3  4  5  6  7  8  9 10 |
---------------+-------------------------------+-----
Staves         | 4 5 6 7 9 10 11 | 11.0
Fighting       | 3 4 5 6 7 8 |  8.1
Armour         | 2 3 4 5 6 |  6.9
Dodging        | 4 5 6 7 |  7.5
Throwing       | 3 4 5 6 |  6.2

Action                   |  1- 3 |  4- 6 |  7- 9 | 10-12 || total
-------------------------+-------+-------+-------+-------++-------
Melee: Quarterstaff      |    70 |   109 |   300 |    70 ||   549
       Headbutt          |    10 |    19 |    75 |    16 ||   120
       Bite              |       |       |    31 |     7 ||    38
       Staff             |       |       |    48 |       ||    48
 Fire: Blowgun           |       |     7 |    11 |    27 ||    45
Throw: Tomahawk          |       |       |     6 |       ||     6
       Throwing net      |       |       |     1 |     2 ||     3
  Use: Scroll            |     1 |       |     9 |     1 ||    11
 Stab: Sleeping          |     2 |       |       |       ||     2
       Held in net/web   |       |       |     1 |       ||     1
  Eat: Chunk             |       |     5 |    15 |     2 ||    22
Armor: Leather armour    |    21 |     3 |       |       ||    24
       Ring mail         |       |    33 |   139 |    17 ||   189
Dodge: Dodged            |    48 |    74 |   235 |    52 ||   409
